 Dungeon Crawl Stone Soup version 0.14.2 (webtiles) character file.

1734 Lumberto the Skirmisher (level 8, -3/67 HPs)
             Began as a Demonspawn Berserker on Oct 23, 2016.
             Was a High Priest of Trog.
             Slain by an orc warrior
             ... wielding a +0,+0 glaive
              (9 damage)
             ... on Level 6 of the Dungeon.
             The game lasted 00:57:00 (6357 turns).

Lumberto the Skirmisher (Demonspawn Berserker)      Turns: 6357, Time: 00:57:00

HP  -3/67        AC 16     Str 19      XL: 8   Next: 54%
MP   0/8         EV  6     Int  8      God: Trog [*****.]
Gold 215         SH  0     Dex 14      Spells:  0 memorised,  7 levels left

rFire  . . .     SeeInvis .     f - +3,+0 halberd
rCold  + + .     Clarity  .     b - +3 chain mail
rNeg   . . .     Conserve .     (no shield)
rPois  +         rCorr    .     A - +1 hat
rElec  .         rRot     .     (no cloak)
SustAb . .       Spirit   +     (no gloves)
rMut   .         Warding  .     (no boots)
Saprov . . .     Stasis   .     l - amulet of faith
MR     .....                    (no ring)
                                y - ring of Phuc {rPois rC++ Stlth--}

@: not resistant to hostile enchantments, extremely unstealthy
A: horns 1, icy blue scales 2, nightstalker 1, magic shield
a: Burn Spellbooks, Berserk, Trog's Hand, Brothers in Arms, Renounce Religion


You were on level 6 of the Dungeon.
You worshipped Trog.
Trog was extremely pleased with you.
You were not hungry.

You visited 2 branches of the dungeon, and saw 8 of its levels.

You collected 215 gold pieces.

Inventory:

Hand weapons
 f - a +3,+0 halberd (weapon)
 u - a +2,+2 vampiric dagger
 v - a +0,+0 scythe
Armour
 b - a +3 chain mail (worn)
 A - a +1 hat (worn)
 B - a +2 scale mail
Magical devices
 q - a wand of fire (8)
Comestibles
 d - an apple
 k - a meat ration
 r - a pear
Scrolls
 e - a scroll of identify
 j - 2 scrolls of random uselessness
 m - 2 scrolls of amnesia
 o - 2 scrolls of teleportation
 w - 2 scrolls of remove curse
Jewellery
 l - an amulet of faith (around neck)
 s - an uncursed amulet of warding {unknown}
 y - the ring of Phuc (left hand) {rPois rC++ Stlth--}
   (You found it on level 4 of the Dungeon)

   [ring of poison resistance]

   It greatly protects you from cold.
   It makes you much less stealthy.
Potions
 g - a potion of might
 h - 2 potions of restore abilities
 i - a potion of haste
 p - a potion of brilliance {unknown}
 t - a potion of heal wounds {unknown}
 x - 4 potions of curing {unknown}
 z - a potion of poison {unknown}


   Skills:
 * Level 7.3 Fighting
   Level 3.1 Maces & Flails
 + Level 3.5 Polearms
 + Level 4.9 Armour
 + Level 4.6 Dodging


You had 7 spell levels left.
You didn't know any spells.

Dungeon Overview and Level Annotations

Branches:
Dungeon (7/15)             Temple (1/1) D:5

Altars:
Ashenzari
Cheibriados
Dithmenos
Elyvilon
Fedhas
Kikubaaqudgha
Makhleb
Nemelex Xobeh
Okawaru
Sif Muna
Trog
Vehumet
Xom
Yredelemnul
Zin
The Shining One

Annotations:
D:3 !


Innate Abilities, Weirdness & Mutations

You have a pair of small horns on your head.
You are mostly covered in icy blue scales (AC +3, EV -1).
You are slightly more attuned to the shadows.
When hurt, damage is shared between your health and your magic reserves.


Message History

The magic dart hits you!
You miss something. Something hits you but does no damage.
The orc warrior barely misses you.
You miss something. Something hits you but does no damage.
The orc warrior hits you but does no damage.
Something completely misses you.
You closely miss something. Your headbutt misses something.
The orc warrior barely misses you.
You hear some strange, mumbled words.
Something tries to affect you, but you resist.
You closely miss something.
You hear some strange, mumbled words.
The magic dart hits you! The orc warrior hits you with a glaive.
* * * LOW HITPOINT WARNING * * *
You miss something. Something hits you but does no damage.
The orc warrior hits you with a glaive!
* * * LOW HITPOINT WARNING * * *
Something hits you but does no damage.
You miss something. The orc warrior hits you with a glaive!
You die...

#..#..(#.........
#..#..(#.........#
#..#...'.........#
#..#####..........
#..........##########
#..........#........#.
#..........#........'. .
#..........#........# ...#
##..........#...@o...#....#
............###'######....##
'##................{........
..#.........................
..#........................
..'.........................
..#...###########...........
..#...# #....######. ..#...#
#....#....#


You could see an orc warrior.

Vanquished Creatures
  A hungry ghost (D:7)
  Menkaure (D:6)
  An orc warrior (D:6)
  2 phantoms (D:6)
  An ogre (D:4)
  3 centaurs
  Sigmund (D:6)
  2 giant frogs
  A crimson imp (D:5)
  A giant frog zombie (D:6)
  A goliath beetle (D:6)
  A hound (D:4)
  2 orc priests
  A worker ant (D:4)
  2 orc wizards (D:6)
  Ijyb (D:3)
  An ogre skeleton (D:6)
  The ghost of ulrikemeinhof the Insei, a weakling DgTm (D:3)
  7 adders
  An inept feature mimic (D:6)
  A worm (D:4)
  5 giant geckos
  9 orcs
  A ball python (D:3)
  2 bat skeletons
  9 giant cockroaches
  9 hobgoblins
  2 oozes
  7 quokkas
  13 bats
  14 giant newts
  13 goblins
  6 jackals (D:2)
  14 kobolds
  A kobold skeleton (D:4)
  12 rats
150 creatures vanquished.

Vanquished Creatures (others)
  A goblin (D:2)
1 creature vanquished.

Grand Total: 151 creatures vanquished

Notes
Turn   | Place    | Note
--------------------------------------------------------------
     0 | D:1      | Lumberto, the Demonspawn Berserker, began the quest for the Orb.
     0 | D:1      | Reached XP level 1. HP: 18/18 MP: 1/1
   206 | D:1      | Gained mutation: You have a pair of small horns on your head. [demonic ancestry]
   206 | D:1      | Reached XP level 2. HP: 20/24 MP: 2/2
   393 | D:1      | Acquired Trog's second power
   804 | D:2      | Found a white marble altar of Elyvilon.
   967 | D:2      | Gained mutation: When hurt, damage is shared between your health and your magic reserves. [demonic ancestry]
   967 | D:2      | Reached XP level 3. HP: 21/29 MP: 3/3
  1578 | D:3      | Noticed Ijyb
  1599 | D:3      | Killed Ijyb
  1599 | D:3      | Reached XP level 4. HP: 28/36 MP: 1/4
  1791 | D:3      | Found a shadowy altar of Dithmenos.
  1791 | D:3      | Found a shimmering altar of Xom.
  1979 | D:3      | Noticed ulrikemeinhof's ghost (weakling DgTm)
  1984 | D:3      | Killed ulrikemeinhof's ghost
  2260 | D:3      | Acquired Trog's third power
  2266 | D:3      | Gained mutation: You are slightly more attuned to the shadows. [demonic ancestry]
  2266 | D:3      | Reached XP level 5. HP: 30/42 MP: 3/5
  2403 | D:4      | Reached skill level 4 in Fighting
  2778 | D:4      | Reached skill level 1 in Polearms
  2906 | D:4      | Found a glowing golden altar of the Shining One.
  2957 | D:4      | Noticed an ogre
  2963 | D:4      | Killed an ogre
  2963 | D:4      | Reached XP level 6. HP: 42/49 MP: 3/6
  3305 | D:4      | Got a fine iron ring
  3342 | D:4      | Found a snail-covered altar of Cheibriados.
  3407 | D:4      | Noticed a centaur
  3417 | D:4      | Killed a centaur
  3417 | D:4      | Reached skill level 5 in Fighting
  4209 | D:5      | Entered Level 5 of the Dungeon
  4451 | D:5      | Found a radiant altar of Vehumet.
  4461 | D:5      | Gained mutation: You are partially covered in icy blue scales (AC +1). [demonic ancestry]
  4461 | D:5      | Reached XP level 7. HP: 56/56 MP: 7/7
  4560 | D:5      | Found a staircase to the Ecumenical Temple.
  4572 | Temple   | Entered the Ecumenical Temple
  4743 | D:6      | Noticed Menkaure
  4759 | D:6      | Killed Menkaure
  5359 | D:6      | Reached skill level 6 in Fighting
  5373 | D:6      | Noticed Sigmund
  5753 | D:6      | Killed Sigmund
  5753 | D:6      | Gained mutation: You are mostly covered in icy blue scales (AC +3, EV -1). [demonic ancestry]
  5753 | D:6      | Reached XP level 8. HP: 37/65 MP: 5/8
  5909 | D:7      | Reached skill level 7 in Fighting
  6357 | D:6      | Slain by an orc warrior

Action                   |  1- 3 |  4- 6 |  7- 9 || total
-------------------------+-------+-------+-------++-------
Melee: Mace              |   143 |    16 |       ||   159
       Halberd           |       |   180 |   149 ||   329
Invok: Berserk           |     1 |     2 |     1 ||     4
  Use: Scroll            |       |     9 |     2 ||    11
